 Dungeon Crawl Stone Soup version 0.31-a0-564-g3b7de120b3 (webtiles) character file.

Game seed: 11374210999783438720

86930 shmup the Scorcher (level 15, -11/100 HPs)
             Began as a Tengu Fire Elementalist on Aug 17, 2023.
             Was the Champion of Qazlal.
             Mangled by an iron troll (15 damage)
             ... on level 2 of the Orcish Mines.
             The game lasted 01:45:16 (40903 turns).

shmup the Scorcher (Tengu Fire Elementalist)       Turns: 40903, Time: 01:45:17

Health: -11/100    AC:  7    Str: 12    XL:     15   Next: 88%
Magic:  3/26       EV: 20    Int: 24    God:    Qazlal [******]
Gold:   1357       SH: 13    Dex: 17    Spells: 5/27 levels left

rFire   + + +        a - +4 war axe of Malum Prohibitum {flame, rF+ Str+3 Dex+2}
rCold   . . .        l - +1 buckler {rN+}
rNeg    + . .        t - +0 robe
rPois   +            (helmet restricted)
rElec   .            W - +0 cloak
rCorr   .            c - +0 pair of gloves of Nonotel {rF++ Int+2}
SInv    .            (boots unavailable)
Will    +....        L - amulet of the acrobat
Stlth   +            H - ring of wizardry
HPRegen 0.36/turn    i - ring of poison resistance
MPRegen 0.20/turn

%: repel missiles, acrobat, wizardry (x1)
@: protected from physical damage, flying quickly and evasively, quick
A: beak, talons 3, nimble flight
a: Renounce Religion, Upheaval, Elemental Force, Disaster Area


You were on level 2 of the Orcish Mines.
You worshipped Qazlal.
Qazlal was exalted by your worship.
You visited 3 branches of the dungeon, and saw 21 of its levels.
You also visited: Ossuary.

You collected 1844 gold pieces.
You spent 487 gold pieces at shops.

Inventory:

Hand Weapons
 a - the +4 war axe of Malum Prohibitum (weapon) {flame, rF+ Str+3 Dex+2}
   (You found it on level 10 of the Dungeon)

   Str+3:     It affects your strength (+3).
   Dex+2:     It affects your dexterity (+2).
   rF+:       It protects you from fire.
 B - a +1 war axe of freezing
Missiles
 g - 64 poisoned darts
 h - 8 javelins
 u - 4 throwing nets
 A - 12 boomerangs
 S - 6 curare-tipped darts
 Z - 3 datura-tipped darts
Armour
 c - the +0 pair of gloves of Nonotel (worn) {rF++ Int+2}
   (You acquired it on level 1 of the Dungeon)

   Int+2:     It affects your intelligence (+2).
   rF++:      It greatly protects you from fire.
 l - a +1 buckler of positive energy (worn)
 t - a +0 robe (worn)
 x - the +0 leather armour of Evolution {rF+ MP-9 Str+6}
   (You found it on level 4 of the Dungeon)

   Str+6:     It affects your strength (+6).
   rF+:       It protects you from fire.
   MP-9:      It affects your magic capacity (-9).
 W - a +0 cloak (worn)
Magical Staves
 X - a staff of earth
Jewellery
 i - a ring of poison resistance (right hand)
 s - a ring of protection from cold
 H - a ring of wizardry (left hand)
 K - a +5 ring of evasion
 L - an amulet of the acrobat (around neck)
 O - a ring of fire
 Q - an amulet of magic regeneration
Wands
 b - a wand of digging (3)
 G - a wand of mindburst (16)
 J - a wand of flame (17)
 M - a wand of roots (11)
 V - a wand of charming (4)
 Y - a wand of light (8)
Scrolls
 d - 4 scrolls of immolation
 e - 3 scrolls of fog
 f - a scroll of summoning {unknown}
 n - 9 scrolls of teleportation
 r - a scroll of fear
 F - a scroll of blinking
 I - a scroll of poison
Potions
 k - 2 potions of lignification
 m - a potion of brilliance {unknown}
 o - 10 potions of curing
 p - 3 potions of cancellation
 q - 3 potions of berserk rage
 w - 3 potions of heal wounds
 E - 5 potions of haste
 N - 2 potions of might
 P - a potion of ambrosia {unknown}
 R - 2 potions of resistance
 T - a potion of enlightenment


   Skills:
 - Level 13.7 Fighting
 - Level 14.0 Axes
 - Level 10.0 Dodging
 - Level 2.0 Stealth
 + Level 6.9 Spellcasting
 - Level 13.5 Conjurations
 - Level 16.0 Fire Magic


You had 5 spell levels left.
You knew the following spells:

 Your Spells              Type           Power      Damage    Failure   Level
a - Foxfire               Conj/Fire      100%       2x1d9     1%          1
b - Scorch                Fire           100%       2d9       0%          2
c - Inner Flame           Hex/Fire       46%        N/A       1%          3
d - Volatile Blastmotes   Fire/Tloc      92%        2d17      1%          3
e - Starburst             Conj/Fire      34%        6d10      1%          6
f - Mephitic Cloud        Conj/Pois/Air  29%        N/A       1%          3
w - Flame Wave            Conj/Fire      68%        2d15      1%          4

Your spell library contained the following spells:

 Spells                   Type           Power      Damage    Failure   Level
 Magic Dart               Conj           100%       1d8       1%          1
 Hailstorm                Conj/Ice       40%        3d10      1%          3
 Iskenderun's Battlesphe  Conj           65%        2d11      1%          5
 Freeze                   Ice            32%        1d5       4%          1
 Call Imp                 Summ           16%        N/A       6%          2
 Poisonous Vapours        Pois/Air       16%        N/A       6%          2
 Wereblood                Tmut           8%         N/A       6%          2
 Irradiate                Conj/Tmut      20%        3d18      8%          5
 Frozen Ramparts          Ice            16%        1d3       13%         3
 Freezing Cloud           Conj/Ice/Air   14%        6-21      19%         5
 Leda's Liquefaction      Hex/Erth       4%         N/A       38%         4
 Petrify                  Tmut/Erth      8%         N/A       38%         4
 Lee's Rapid Deconstruct  Erth           4%         3d5*      71%         5
 Metabolic Englaciation   Hex/Ice        4%         N/A       71%         5
 Plasma Beam              Fire/Air       23%        2x1d35    24%         6
 Leda's Unmaking          Conj/Erth      20%        9d4       36%         6
 Spellforged Servitor     Conj/Summ      20%        N/A       89%         7


Dungeon Overview and Level Annotations

Branches:
Dungeon (14/15) Zot: 25642  Temple (0/1) D:6            Lair (5/5) D:10 Zot: 18209
  Swamp (0/4) Lair:2       Spider (0/4) Lair:2        Slime (0/5) Lair:5
    Orc (2/2) D:11 Zot: 11105  Vaults (0/5) D:13        Ossuary (visited)
    Elf: Orc:2

Altars:
Cheibriados
Dithmenos
Elyvilon
Hepliaklqana
Qazlal
Ru
Trog
Uskayaw
Vehumet
Wu Jian
Xom
Yredelemnul
Zin
The Shining One
Jiyva

Shops:
D:1 =   D:2 *[=   D:4 [   D:13 (   D:14 (

Annotations:
D:3 2 transporters, Sigmund
D:10 2 transporters, RapScallion's ghost, journeyman GrHu
D:11 exclusion: door
Lair:1 3 runed translucent doors, holysushi's ghost, journeyman DjSh


Innate Abilities, Weirdness & Mutations

You have a beak for a mouth.
You have claws for feet.
Your magical nature lets you fly swiftly and evasively.


Message History

Qazlal accepts your kill.
The bolt of fire hits the orc!
You kill the orc!
Qazlal accepts your kill. You block the iron troll's attack.
The iron troll misses you. The iron troll claws you!
* * * LOW HITPOINT WARNING * * *
You block the deep troll's attack. The deep troll claws you.
* * * LOW HITPOINT WARNING * * *
You feel more protected from physical attacks.
The deep troll claws you!
* * * LOW HITPOINT WARNING * * *
Casting: Starburst (dangerous; 1% risk of failure)
Confirm with . or Enter, or press ? or * to list all spells.
Casting: Starburst (dangerous; 1% risk of failure)
Press: ? - help, Dir - look around, f - activate The bolt of fire hits the iron troll!!
The iron troll resists.
The iron troll is heavily wounded.
The bolt of fire misses the deep troll.
You hear a sizzling sound!
You block the deep troll's attack. x2; The deep troll barely misses you.
Casting: Starburst (dangerous; 1% risk of failure)
Confirm with . or Enter, or press ? or * to list all spells.
Casting: Starburst (dangerous; 1% risk of failure)
Press: ? - help, Dir - look around, f - activate You hear a sizzling sound!
The bolt of fire hits the iron troll!!
The iron troll resists.
The iron troll is severely wounded.
The bolt of fire hits the deep troll!
You kill the deep troll!
Qazlal accepts your kill. You block the iron troll's attack.
The iron troll barely misses you. The iron troll claws you!
* * * LOW HITPOINT WARNING * * *
The iron troll bites you!
* * * LOW HITPOINT WARNING * * *
The iron troll claws you!!
* * * LOW HITPOINT WARNING * * *
The iron troll claws you!
You die...

▒▒▒.......▒........
▒▒......).).........
▒.........).........
▒▒..▒......)........
▒▒▒▒▒.....$...$....
▒...▒...▒.).......▒
▒.........§[..........
▒▒.......§T§).........
▒.......§)Q☼(.........
▒▒.......#)[0.........
....((..).[.[........▒▒
....(((((.^[..(.....o..▒
....((((().).....$......
...(((((.▒[....$....▒.▒
.....[..)▒...▒.........
▒.....[)..▒............
.........).............


You could see an iron troll.

Vanquished Creatures
  Gastronok (Lair:3)
  Fannar (Lair:1)
  4 hydras
  4 vault guards
  An ogre mage (Orc:2)
  3 centaur warriors
  A merfolk avatar (Lair:5)
  A boulder beetle (Lair:1)
  8 death yaks
  2 tengu warriors
  12 two-headed ogres
  Urug (Lair:5)
  2 sea snakes
  A deep troll (Orc:2)
  A wizard (D:14)
  Pikel (D:7)
  4 ugly things
  An oklob plant (Lair:3)
  3 manticores
  8 cyclopes
  3 elephants (Lair:4)
  Joseph (D:7)
  10 black mambas
  Maggie (D:8)
  4 gargoyles
  12 cane toads
  13 komodo dragons
  2 unseen horrors
  3 kobold demonologists
  3 unseen horror zombies (D:8)
  6 rime drakes
  2 tengu conjurers
  A meliai (shapeshifter) (D:12)
  2 tyrant leeches
  25 blink frogs
  4 polar bears
  13 trolls
  2 hornets
  A polar bear (shapeshifter) (D:14)
  4 dream sheep
  2 shadows (D:10)
  A culicivora (Lair:2)
  13 slime creatures
  5 wyverns
  A vampire (D:14)
  58 yaks
  2 wraiths
  5 basilisks
  4 vampire mosquitoes (D:11)
  Menkaure (D:7)
  2 steam dragons
  A swamp worm (Lair:2)
  7 acid dragons
  9 water moccasins
  A hornet zombie (D:8)
  22 orc warriors
  A sky beast (D:7)
  2 swamp drakes (D:11)
  An ice beast (D:6)
  A black bear (shapeshifter) (D:14)
  2 black bears
  27 ogres
  15 wolves
  5 centaurs
  A lemure (D:7)
  A phantom (D:3)
  5 kobold brigands
  2 necrophages (D:8)
  20 bullfrogs
  2 scorpions
  4 gnoll sergeants
  4 water moccasin zombies (Ossuary)
  7 wights
  8 killer bees (D:10)
  7 howler monkeys
  5 spriggan skeletons (D:9)
  A troll skeleton (D:9)
  2 jellies
  2 centaur zombies (D:8)
  8 hounds
  A human zombie (D:8)
  18 orc priests
  A gnoll bouda (D:7)
  9 hell rats (Lair:2)
  6 iguanas
  2 sleepcaps
  12 orc wizards
  A killer bee zombie (D:8)
  The ghost of wormstring the Sneak, a weakling OpDe (D:5)
  3 mummies
  9 adders
  31 gnolls
  A howler monkey zombie (D:8)
  12 river rats (Lair:2)
  8 adder zombies (Ossuary)
  4 worms
  3 dart slugs
  52 orcs
  10 ball pythons
  9 endoplasms
  5 giant cockroaches
  2 gnoll zombies (Ossuary)
  A hobgoblin (D:2)
  11 quokkas
  3 bats
  4 frilled lizards
  2 goblins
  5 hobgoblin zombies (Ossuary)
  19 kobolds
  5 kobold zombies (Ossuary)
  2 orc zombies (Ossuary)
  15 rats
  A spectral orc (D:4)
707 creatures vanquished.

Vanquished Creatures (collateral kills)
  3 foxfires
3 creatures vanquished.

Vanquished Creatures (others)
  An orc (D:11)
  813 foxfires
814 creatures vanquished.

Grand Total: 1524 creatures vanquished

Notes
Turn   | Place    | Note
-------+----------+-------------------------------------------
     0 | D:1      | shmup the Tengu Fire Elementalist began the quest for the
                  | Orb.
     0 | D:1      | Reached XP level 1. HP: 10/10 MP: 4/4
   154 | D:1      | Reached XP level 2. HP: 15/15 MP: 3/6
   536 | D:1      | Found Boableih's Jewellery Emporium.
   598 | D:1      | Reached skill level 4 in Fire Magic
   993 | D:1      | Identified a scroll of acquirement
   993 | D:1      | Acquired the +0 pair of gloves of Nonotel {rF++ Int+2}
  1070 | D:2      | Found Xiph's General Store.
  1155 | D:2      | Reached XP level 3. HP: 19/19 MP: 4/7
  1217 | D:2      | Found Feowy's Jewellery Shop.
  1254 | D:2      | Learned a level 2 spell: Scorch
  1960 | D:2      | Found Tiumoum's Armour Boutique.
  1971 | D:2      | Reached XP level 4. HP: 22/24 MP: 6/8
  2258 | D:3      | Found a transporter.
  2387 | D:3      | Noticed Sigmund
  2449 | D:3      | Reached skill level 5 in Fire Magic
  2524 | D:3      | Found a faded altar of an unknown god.
  2659 | D:3      | Gained mutation: Your magical nature lets you fly swiftly
                  | and evasively. [Tengu growth]
  2659 | D:3      | Reached XP level 5. HP: 28/28 MP: 1/9
  2811 | D:3      | Found a transporter.
  3279 | D:3      | Found a snail-covered altar of Cheibriados.
  3425 | D:4      | Noticed a black bear
  3425 | D:4      | Noticed a phantom
  3425 | D:4      | Found Cudgh's Antique Armour Shop.
  3425 | D:4      | Found a radiant altar of Vehumet.
  3673 | D:3      | Killed a phantom
  3674 | D:3      | Reached skill level 6 in Fire Magic
  3674 | D:3      | Reached XP level 6. HP: 32/32 MP: 3/10
  3907 | D:4      | Killed a black bear
  3908 | D:4      | Reached skill level 5 in Conjurations
  4199 | D:4      | Found a stormy altar of Qazlal.
  4277 | D:4      | Became a worshipper of Qazlal Stormbringer
  4341 | D:4      | Reached skill level 7 in Fire Magic
  4446 | D:4      | Found a hazy altar of Hepliaklqana.
  4537 | D:4      | Reached XP level 7. HP: 36/36 MP: 4/11
  4619 | D:4      | Identified the +0 leather armour of Evolution {rF+ MP-9
                  | Str+6}
  5181 | D:5      | Entered Level 5 of the Dungeon
  5402 | D:4      | Reached skill level 1 in Fighting
  5481 | D:5      | Found a glowing golden altar of the Shining One.
  5742 | D:5      | Reached XP level 8. HP: 45/45 MP: 7/12
  5756 | D:5      | Found a sand-covered staircase.
  5761 | Ossuary  | Entered an ossuary
  6050 | Ossuary  | Reached * piety under Qazlal
  6390 | Ossuary  | Reached skill level 5 in Dodging
  7421 | D:5      | Found a runed translucent door.
  7421 | D:5      | Noticed wormstring's ghost (weakling OpDe)
  7429 | D:5      | Found an ornate altar of the Wu Jian Council.
  7656 | D:5      | Killed wormstring's ghost
  7659 | D:5      | Reached skill level 5 in Fighting
  8666 | D:5      | Reached XP level 9. HP: 55/55 MP: 2/13
  8944 | D:6      | Found a staircase to the Ecumenical Temple.
  8957 | D:6      | Reached ** piety under Qazlal
  9534 | D:6      | Found a white marble altar of Elyvilon.
  9944 | D:6      | Found a glowing silver altar of Zin.
 10085 | D:7      | Reached skill level 8 in Fire Magic
 10168 | D:7      | Learned a level 3 spell: Inner Flame
 10173 | D:7      | Learned a level 4 spell: Flame Wave
 10445 | D:7      | Noticed Joseph
 10987 | D:7      | Noticed Menkaure
 11000 | D:7      | Killed Menkaure
 11303 | D:8      | Found a shadowy altar of Dithmenos.
 11304 | D:8      | Noticed Maggie
 11314 | D:8      | Killed Maggie
 11315 | D:8      | Reached XP level 10. HP: 35/63 MP: 10/14
 11810 | D:7      | Killed Joseph
 11948 | D:7      | Noticed Pikel
 11971 | D:7      | Killed Pikel
 11972 | D:7      | Reached skill level 10 in Dodging
 12528 | D:1      | Bought an amulet of the acrobat for 390 gold pieces
 12995 | D:8      | Found a shimmering altar of Xom.
 13820 | D:8      | Found a basalt altar of Yredelemnul.
 14360 | D:8      | Reached skill level 10 in Fighting
 14693 | D:8      | Reached XP level 11. HP: 66/73 MP: 6/15
 14822 | D:8      | Found a sacrificial altar of Ru.
 14830 | D:8      | Learned a level 3 spell: Volatile Blastmotes
 15152 | D:9      | Reached *** piety under Qazlal
 15212 | D:9      | Found a hide-covered altar of Uskayaw.
 17245 | D:10     | Entered Level 10 of the Dungeon
 17257 | D:10     | Found a bloodstained altar of Trog.
 17804 | D:10     | Noticed a two-headed ogre
 17817 | D:10     | Killed a two-headed ogre
 17902 | D:10     | Found a transporter.
 17905 | D:10     | Noticed RapScallion's ghost (journeyman GrHu)
 17906 | D:10     | Noticed a moth of wrath
 17907 | D:10     | Noticed a wolf spider
 17943 | D:10     | Found a transporter.
 18320 | D:10     | Noticed a two-headed ogre
 18339 | D:10     | Killed a two-headed ogre
 18968 | D:10     | Found a staircase to the Lair.
 19864 | D:10     | Identified the +4 war axe of Malum Prohibitum {flame, rF+
                  | Str+3 Dex+2}
 20021 | D:10     | Reached skill level 1 in Axes
 20146 | Lair:1   | Entered Level 1 of the Lair of Beasts
 20254 | Lair:1   | Reached XP level 12. HP: 84/84 MP: 3/16
 20621 | Lair:1   | Reached skill level 5 in Axes
 20722 | Lair:1   | Noticed a boulder beetle
 20857 | Lair:1   | HP: 4/84 [komodo dragon (12)]
 20860 | Lair:1   | HP: 1/84 [komodo dragon (20)]
 21284 | Lair:1   | Reached **** piety under Qazlal
 21600 | Lair:1   | Found a runed translucent gate.
 21601 | Lair:1   | Found a runed translucent gate.
 21602 | Lair:1   | Found a runed translucent gate.
 21602 | Lair:1   | Noticed holysushi's ghost (journeyman DjSh)
 21603 | Lair:1   | Noticed an 11-headed hydra
 21605 | Lair:1   | Identified the +8 quarterstaff of Siufomoo {drain, Fragile
                  | rF++ Int+5}
 21667 | Lair:1   | Noticed a 12-headed hydra
 21798 | Lair:1   | Noticed Fannar
 21824 | Lair:1   | Killed Fannar
 22282 | Lair:2   | Noticed a death yak
 22285 | Lair:2   | Noticed a death yak
 22286 | Lair:2   | Noticed a death yak
 22287 | Lair:2   | Noticed a death yak
 22287 | Lair:2   | Noticed a death yak
 22413 | Lair:2   | Noticed a four-headed hydra
 22469 | Lair:1   | Killed a boulder beetle
 22470 | Lair:1   | Reached skill level 10 in Axes
 23235 | D:11     | Reached XP level 13. HP: 71/89 MP: 1/17
 23380 | D:11     | Found a gate leading to a gauntlet.
 23598 | D:11     | Reached ***** piety under Qazlal
 23989 | D:11     | Found a staircase to the Orcish Mines.
 25535 | Lair:2   | Reached skill level 9 in Fire Magic
 26477 | Lair:2   | Reached skill level 10 in Fire Magic
 26543 | Lair:2   | Found a staircase to the Swamp.
 27352 | Lair:2   | Found a hole to the Spider Nest.
 27611 | Lair:3   | Noticed Gastronok
 27625 | Lair:3   | Killed Gastronok
 27626 | Lair:3   | Reached skill level 11 in Fire Magic
 27626 | Lair:3   | Reached XP level 14. HP: 28/95 MP: 6/18
 28082 | Lair:3   | You are sucked into a shaft and drop 1 floor!
 30184 | Lair:4   | Reached skill level 12 in Fire Magic
 30207 | Lair:4   | Reached skill level 10 in Conjurations
 30465 | Lair:4   | Learned a level 6 spell: Starburst
 30739 | Lair:5   | Entered Level 5 of the Lair of Beasts
 32509 | Lair:5   | Reached skill level 13 in Fire Magic
 32617 | Lair:5   | Found a viscous altar of Jiyva.
 32617 | Lair:5   | Found a staircase to the Slime Pits.
 32733 | Lair:5   | Reached ****** piety under Qazlal
 33200 | Lair:5   | Noticed Urug
 33309 | Lair:5   | Killed Urug
 33965 | Orc:1    | Entered Level 1 of the Orcish Mines
 34165 | Orc:2    | Entered Level 2 of the Orcish Mines
 34889 | D:2      | Bought a scroll of blinking for 97 gold pieces
 35121 | D:12     | Reached skill level 14 in Fire Magic
 35723 | D:12     | Reached XP level 15. HP: 93/100 MP: 15/22
 36687 | D:13     | Found Xudol's Antique Weapon Shop.
 37202 | D:13     | Reached skill level 15 in Fire Magic
 37485 | D:13     | Identified the +3 dagger "Oqirec Kuger" {elec, rElec rF-
                  | rCorr Dex-3}
 38318 | D:13     | Found a gate to the Vaults.
 39084 | D:14     | Learned a level 3 spell: Mephitic Cloud
 39132 | D:14     | Found a white marble altar of Elyvilon.
 39342 | D:14     | Found Til Zovo's Weapon Shop.
 39626 | D:14     | Reached skill level 16 in Fire Magic
 40506 | Orc:2    | Reached skill level 5 in Spellcasting
 40903 | Orc:2    | HP: 4/100 [iron troll (21)]
 40903 | Orc:2    | Mangled by an iron troll

Illustrated notes

Levels and vault maps discovered:
D:1:      orjb1_lava_funnel, layout_basic, serial_shops, shop
D:2:      layout_loops_ring, serial_shops, nicolae_diamond_shop,
          nicolae_shop_peninsula, shop, grunt_decor_cap, serial_bayou_lagoon_b
D:3:      gammafunk_steamed_eel, layout_loops_ring, cheibrodos_worm_habitat,
          chequers_ecumenical_altar_simple, uniq_sigmund,
          uniq_crazy_yiuf_cottage
D:4:      layout_cave_pods, mainiacjoe_overflow_catwalk, lemuel_round_altar,
          nicolae_hepliaklqana_monster_ancestors, serial_shops, shop,
          dreamdust_gnoll_farm
D:5:      layout_loops_ring, old_standard_altar, mainiacjoe_overflow_24_doors,
          ebering_ghost_inner_flame, nicolae_ossuary_entry_plus
D:6:      layout_loops_cross, kennysheep_mini_moat,
          minmay_temple_entry_large_hall, nrook_loot_triangle,
          minmay_ruined_shrine
D:7:      layout_basic, roderic_lattice_a, uniq_menkaure, uniq_pikel,
          uniq_joseph
D:8:      layout_basic, xom_teletrap_fun, lemuel_mausoleum_altar_yredelemnul,
          kennysheep_little_box, nicolae_dithmenos_shadow_blocks, uniq_maggie
D:9:      layout_roguey, eat_drink_and_be_merry_uskayaw,
          kennysheep_cross_bottleneck, hangedman_tell_no_tales
D:10:     minmay_razor_zed, layout_loops_ring, mainiacjoe_overflow_boulevard,
          erik_lair_dragon, gammafunk_ghost_berserking_beasts
D:11:     layout_roguey, minmay_orc_entry_temple_small, gauntlet_entry_generic,
          minmay_fountain_box, kennysheep_nub, pond
D:12:     layout_roguey [special_room_orc]
D:13:     layout_roguey [special_room_orc], lightli_vaults_fourway_checkpoint,
          serial_shops, shop
D:14:     layout_roguey, serial_shops, shop, minivault_19, elyvilon_altar_3
Lair:1:   layout_cave_pods, gammafunk_ghost_hydra_chop, grunt_megastairs_1,
          serial_bayou_shore_a, uniq_fannar
Lair:2:   lemuel_ratsnest, layout_chaotic_city, minmay_swamp_entry_worms,
          spider_nest_entry_rubble, minivault_26, chequers_serial_rivers_micro_b
Lair:3:   layout_concentric_octagons, lemuel_fruit_tree, grunt_megastairs_4,
          uniq_gastronok
Lair:4:   layout_long_grid
Lair:5:   gammafunk_lair_ancient_temple, layout_regular_city,
          dpeg_slime_entry_corner, uniq_urug
Orc:1:    layout_caves
Orc:2:    st_orc_open, layout_caves, nicolae_orc_rockfall, mines1_david

Skill      XL: |  1  2  3  4  5  6  7  8  9 10 11 12 13 14 15 |
---------------+----------------------------------------------+-----
Conjurations   | 2 3 4 5 6 9 11 13 | 13.5
Fire Magic     | 4 5 6 7 8 11 14 16 | 16.0
Fighting       | 2 5 7 10 13 | 13.7
Dodging        | 3 6 9 10 | 10.0
Axes           | 3 11 14 | 14.0
Spellcasting   | 4 6 |  6.9
Stealth        | |  2.0

Action                     |  1- 3 |  4- 6 |  7- 9 | 10-12 | 13-15 || total
---------------------------+-------+-------+-------+-------+-------++-------
  Melee: Unarmed           |     1 |       |       |       |       ||     1
         Punch             |     1 |       |       |       |       ||     1
         Short sword       |     1 |     2 |       |       |       ||     3
         Kick              |     1 |       |    12 |    64 |   188 ||   265
         Dagger            |       |       |    34 |    39 |       ||    73
         Peck              |       |       |     6 |    44 |   126 ||   176
         War axe           |       |       |       |   125 |   528 ||   653
   Cast: Foxfire           |    59 |    52 |   134 |    97 |   139 ||   481
         Scorch            |     2 |    32 |   130 |   199 |   117 ||   480
         Inner Flame       |       |       |     1 |    28 |    24 ||    53
         Volatile Blastmot |       |       |       |    19 |     8 ||    27
         Flame Wave        |       |       |       |    10 |    17 ||    27
         Starburst         |       |       |       |       |   105 ||   105
  Evoke: Wand              |       |       |       |     4 |       ||     4
    Use: Scroll            |     7 |     5 |    10 |    10 |     5 ||    37
         Potion            |       |       |     1 |     7 |     4 ||    12
   Stab: Confused          |       |       |       |       |     2 ||     2
 Armour: Robe              |     6 |     9 |    15 |    21 |    54 ||   105
  Dodge: Dodged            |    14 |     6 |   113 |   309 |   452 ||   894
         Repelled          |       |       |       |     2 |     7 ||     9
  Block: Buckler           |       |       |    47 |   171 |   448 ||   666
         Form:             |       |       |     2 |       |       ||     2
         Anaconda          |       |       |     2 |       |       ||     2

Table legend: (Time is in decaauts)
 A = Elapsed time spent in this place.
 B = Non-inter-level travel time spent in this place.
 C = Inter-level travel time spent in this place.
 D = Time resting spent in this place.
 E = Time spent auto-exploring this place.
 F = Levels seen in this place.
 G = Mean time per level.
                   A        B        C        D        E       F      G
               +--------+--------+--------+--------+--------+-----+--------+
         Total |  39311 |  36285 |   3026 |  14035 |  15524 |  22 | 1786.9 |
       Dungeon |  25688 |  23484 |   2204 |   7841 |  11349 |  14 | 1834.9 |
          Lair |  11791 |  11010 |    781 |   5335 |   3675 |   5 | 2358.2 |
  Orcish Mines |    893 |    852 |     41 |    557 |    131 |   2 |  446.5 |
       Ossuary |    939 |    939 |      0 |    301 |    368 |   1 |  939.0 |
               +--------+--------+--------+--------+--------+-----+--------+

Top non-repeatable levels by time:
  Lair:1: 3882 daAuts
    D:10: 3377 daAuts
  Lair:3: 2224 daAuts
     D:9: 2174 daAuts
     D:8: 2164 daAuts
  Lair:2: 2160 daAuts
    D:12: 2152 daAuts
     D:7: 2087 daAuts
     D:5: 1949 daAuts
    D:11: 1905 daAuts
  Lair:5: 1785 daAuts
     D:6: 1759 daAuts
  Lair:4: 1737 daAuts
     D:4: 1683 daAuts
     D:3: 1609 daAuts
